 Dungeon Crawl Stone Soup version 0.22-a0-580-gd5db89c (webtiles) character file.

2353 Darkshadow the Cleaver (level 9, -5/80 HPs)
             Began as a Minotaur Berserker on July 1, 2018.
             Was an Elder of Trog.
             Slain by an orc warrior
             ... wielding a +0 war axe
              (6 damage)
             ... on level 7 of the Dungeon.
             The game lasted 00:19:57 (6964 turns).

Darkshadow the Cleaver (Minotaur Berserker)         Turns: 6964, Time: 00:19:58

Health: -5/80      AC:  9    Str: 23    XL:     9   Next: 20%
Magic:  8/8        EV:  9    Int:  5    God:    Trog [****..]
Gold:   318        SH: 12    Dex: 14    Spells: 8/8 levels left

rFire    . . .     SeeInvis .   a - +4 hand axe
rCold    . . .     Gourm    .   y - +2 shield
rNeg     . . .     Faith    .   m - +0 scale mail
rPois    .         Spirit   .   (helmet restricted)
rElec    .         Reflect  .   (no cloak)
rCorr    .         Harm     .   g - +0 pair of gloves (curse)
MR       .....                  (no boots)
Stlth    +.........             G - amulet of rage
HPRegen  0.23/turn              B - ring of stealth
MPRegen  0.11/turn              I - +3 ring of dexterity

@: lethally poisoned (-5 -> -18), berserk cooldown, slowed, very slow
A: retaliatory headbutt, horns 2
a: Berserk, Trog's Hand, Brothers in Arms, Renounce Religion, Evoke Berserk Rage


You were on level 7 of the Dungeon.
You worshipped Trog.
Trog was greatly pleased with you.
You were near starving.

You visited 1 branch of the dungeon, and saw 7 of its levels.

You collected 318 gold pieces.

Inventory:

Hand Weapons
 a - a +4 hand axe (weapon)
 b - a +0 hunting sling
 u - a +0 hand axe
 F - the +6 hand axe of Success {holy, rPois MR+ Str+7 Int-5}
   (You found it on level 6 of the Dungeon)

   It has been blessed by the Shining One to cause great damage to the undead
   and demons.
   It affects your strength (+7).
   It affects your intelligence (-5).
   It protects you from poison.
   It affects your resistance to hostile enchantments.
Missiles
 i - a throwing net
 l - 201 stones (quivered)
 v - 33 sling bullets
Armour
 g - a cursed +0 pair of gloves (worn)
 m - a +0 scale mail (worn)
 r - a +0 pair of gloves
 s - a +0 animal skin
 y - a +2 shield (worn)
Jewellery
 B - a ring of stealth (left hand)
 G - an amulet of rage (around neck)
 I - a +3 ring of dexterity (right hand)
Wands
 C - a wand of scattershot (6)
 H - a wand of random effects (12)
Scrolls
 d - a scroll of teleportation
 e - a scroll of enchant armour {unknown}
 f - 3 scrolls of magic mapping
 h - 3 scrolls of identify {@r1}
 n - 3 scrolls of remove curse {unknown}
 q - a scroll of fear {unknown}
 x - 2 scrolls of enchant weapon {unknown}
 D - a scroll of fog {unknown}
 E - a scroll of random uselessness {unknown}
Potions
 j - 2 potions of lignification
 k - a potion of mutation
 o - 2 potions of might
 p - 4 potions of heal wounds
 t - a potion of cancellation {unknown}
 w - a potion of haste {unknown}
 z - a potion of curing {@q1}
 A - 2 potions of brilliance
Comestibles
 c - 11 rations


   Skills:
 + Level 7.7 Fighting
 * Level 10.2 Axes
 + Level 7.1 Armour
 - Level 2.3 Dodging
 + Level 5.5 Shields


You had 8 spell levels left.
You didn't know any spells.
Your spell library was empty.

Dungeon Overview and Level Annotations

Branches:
Dungeon (7/15)             Temple (0/1) D:4

Altars:
Dithmenos
Elyvilon
Fedhas
Kikubaaqudgha
Nemelex Xobeh
Qazlal
Ru
Yredelemnul
Zin


Innate Abilities, Weirdness & Mutations

You reflexively headbutt those who attack you in melee.
You have a pair of horns on your head.


Message History

t - Shout!
Orders for allies: a - Attack new target. r - Retreat! s - Stop attacking. g - Guard the area. f - Follow me.
Anything else - Cancel.
Follow me!
You feel sick. You block the orc warrior's attack.
The orc wizard hits you with a dagger of venom.
* * * LOW HITPOINT WARNING * * *
You are more poisoned.
Okay, then.
Okay, then.
You hit the orc warrior.
You headbutt the orc warrior, but do no damage.
The orc warrior is moderately wounded.
You hit the orc wizard.
* * * LOW HITPOINT WARNING * * *
You feel very sick.
The orc wizard hits you but does no damage.
The orc warrior hits you with a war axe.
You die...

#..... #..##...
#.....##..##..##
...o....%..#...#
...........#...#
...o. #(.##...#
......##.(##...#####
.....o'........#..(#
#.K...##......Koo..#
#.....##..##...#@.(#
......##o.##..##...#
##....o#..##'###...#
#..oyoo(.....#....#
#...(##..##..#....#
#....##..##..#....#
#.....#(.##..##...#
#$....#..######...#
##.....#...#.......#


You could see an orc warrior, an orc wizard and a kobold.

Vanquished Creatures
  2 orc warriors
  4 ogres
  2 centaurs
  A big kobold (D:7)
  3 bullfrogs (D:6)
  4 scorpions
  5 killer bees (D:7)
  5 wights
  2 crimson imps
  2 howler monkeys (D:7)
  A centaur zombie (D:7)
  3 orc priests
  A gnoll shaman (D:5)
  2 jellies
  An orc wizard (D:4)
  A centaur skeleton (D:5)
  Terence (D:2)
  Natasha (thrice) (D:2)
  A hound skeleton (D:4)
  Robin (D:2)
  9 gnolls
  5 adders
  2 oozes
  An adder zombie (D:5)
  11 dart slugs
  3 worms
  3 leopard geckos
  16 orcs
  4 bats
  8 giant cockroaches
  14 goblins
  7 hobgoblins
  5 jackals (D:4)
  11 kobolds
  2 quokkas
  A ball python (D:1)
  4 frilled lizards
  A jackal skeleton (D:6)
  A quokka skeleton (D:7)
  A quokka zombie (D:7)
  8 rats
162 creatures vanquished.

Notes
Turn   | Place    | Note
-------+----------+-------------------------------------------
     0 | D:1      | Darkshadow the Minotaur Berserker began the quest for the Orb.
     0 | D:1      | Reached XP level 1. HP: 19/19 MP: 0/0
   189 | D:1      | Reached XP level 2. HP: 22/27 MP: 1/1
   195 | D:1      | Reached skill level 4 in Axes
   427 | D:1      | Reached XP level 3. HP: 29/33 MP: 2/2
  1031 | D:2      | Noticed Terence
  1049 | D:2      | Killed Terence
  1049 | D:2      | Reached XP level 4. HP: 41/41 MP: 3/3
  1134 | D:2      | Noticed Natasha
  1138 | D:2      | Killed Natasha
  1138 | D:2      | Reached skill level 5 in Axes
  1162 | D:2      | Noticed Robin
  1172 | D:2      | Reached ** piety under Trog
  1174 | D:2      | Killed Robin
  1446 | D:2      | Found a blossoming altar of Fedhas.
  1448 | D:2      | Reached XP level 5. HP: 47/47 MP: 4/4
  1572 | D:2      | Noticed Natasha
  1581 | D:2      | Killed Natasha
  2088 | D:2      | Noticed Natasha
  2098 | D:2      | Killed Natasha
  2339 | D:3      | Reached skill level 5 in Fighting
  2389 | D:3      | Reached skill level 6 in Axes
  2550 | D:3      | Found a sparkling altar of Nemelex Xobeh.
  2645 | D:3      | Reached XP level 6. HP: 31/56 MP: 5/5
  2958 | D:3      | Found a stormy altar of Qazlal.
  3572 | D:4      | Found a white marble altar of Elyvilon.
  3588 | D:4      | Reached skill level 1 in Shields
  3618 | D:4      | Reached *** piety under Trog
  3855 | D:3      | Reached skill level 7 in Axes
  3857 | D:3      | Reached XP level 7. HP: 12/61 MP: 6/6
  4204 | D:4      | Found a glowing silver altar of Zin.
  4329 | D:4      | Reached skill level 5 in Armour
  4476 | D:4      | Found a staircase to the Ecumenical Temple.
  4632 | D:5      | Entered Level 5 of the Dungeon
  4673 | D:5      | Found an ancient bone altar of Kikubaaqudgha.
  4723 | D:5      | Found a basalt altar of Yredelemnul.
  5115 | D:5      | Reached skill level 8 in Axes
  5221 | D:5      | Found a shadowy altar of Dithmenos.
  5546 | D:6      | Reached XP level 8. HP: 71/71 MP: 7/7
  5766 | D:6      | Got a pitted hand axe
  5767 | D:6      | Lost intelligence.
  5767 | D:6      | Identified the +6 hand axe of Success {holy, rPois MR+ Str+7 Int-5} (You found it on level 6 of the Dungeon)
  6031 | D:6      | Reached **** piety under Trog
  6057 | D:6      | Found a sacrificial altar of Ru.
  6288 | D:6      | Reached skill level 9 in Axes
  6740 | D:7      | Reached skill level 5 in Shields
  6928 | D:7      | Reached XP level 9. HP: 79/79 MP: 8/8
  6934 | D:7      | Reached skill level 10 in Axes
  6963 | D:7      | HP: 4/80 [orc wizard/dagger of venom (4)]
  6964 | D:7      | HP: 1/80 [poisoned by an orc wizard]
  6964 | D:7      | Slain by an orc warrior

Vault maps used:
D:1:      ncdulo_wetmaze
D:2:      lemuel_round_altar, first_ration, uniq_terence, uniq_natasha,
          uniq_robin
D:3:      kennysheep_slugbush, lemuel_crystal_altar,
          nemelex_xobeh_ov_fountains_minmay
D:4:      zin_scriptorium, elyvilon_altar_5, minmay_temple_entry_purple_smoke
D:5:      yredelemnul_altar_generic, kennysheep_mini_moat,
          grunt_dithmenos_smoke, grunt_ministairs_10
D:6:      overflow_temple_1_default
D:7:      nicolae_gozag_seed_capital, lemuel_coloured_pillars_altar

Skill      XL: |  1  2  3  4  5  6  7  8  9 |
---------------+----------------------------+-----
Axes           | 4 5 6 7 8 9 10 | 10.2
Fighting       | 4 5 6 7 |  7.7
Armour         | 3 4 5 6 7 |  7.1
Shields        | 1 3 5 |  5.5
Dodging        | |  2.3

Action                   |  1- 3 |  4- 6 |  7- 9 || total
-------------------------+-------+-------+-------++-------
Melee: Hand axe          |    53 |   128 |   192 ||   373
       Headbutt          |    10 |    22 |    34 ||    66
 Fire: Hunting sling     |       |    38 |    21 ||    59
Throw: Stone             |       |       |     4 ||     4
Invok: Berserk           |     1 |       |     2 ||     3
  Use: Scroll            |       |       |    11 ||    11
       Potion            |       |       |     2 ||     2
 Stab: Sleeping          |     1 |       |       ||     1
  Eat: Chunk             |       |    10 |     7 ||    17
       Ration            |       |       |     1 ||     1
Armor: Animal skin       |     8 |       |       ||     8
       Scale mail        |       |    53 |    62 ||   115
Dodge: Dodged            |    34 |    50 |    41 ||   125
Block: Shield            |       |    16 |    93 ||   109

Table legend:
 A = Spawn XP
 B = Non-spawn XP
 C = Spawn XP percentage of total XP
 D = Spawn monster count
 E = Non-spawn monster count
 F = Spawn count percentage of total count
 G = Total turns spent on level
                    A         B        C        D         E        F      G
               +---------+---------+-------+---------+---------+-------+---------
         Total |       0 |    3362 |   0.0 |       0 |     162 |   0.0 |  6964
               +---------+---------+-------+---------+---------+-------+---------
           D:1 |       0 |      69 |   0.0 |       0 |      25 |   0.0 |  1016
           D:2 |       0 |     228 |   0.0 |       0 |      36 |   0.0 |  1220
           D:3 |       0 |     236 |   0.0 |       0 |      26 |   0.0 |  1491
           D:4 |       0 |     437 |   0.0 |       0 |      18 |   0.0 |  1013
           D:5 |       0 |     389 |   0.0 |       0 |      15 |   0.0 |   761
           D:6 |       0 |     924 |   0.0 |       0 |      20 |   0.0 |  1153
           D:7 |       0 |    1079 |   0.0 |       0 |      22 |   0.0 |   310
               +---------+---------+-------+---------+---------+-------+---------
